 Dungeon Crawl Stone Soup version 0.19-a0-934-gf1df8d1 (webtiles) character file.

284 Implojin the Chopper (level 6, 0/51 HPs)
             Began as a Minotaur Fighter on July 8, 2016.
             Killed by divine providence
             ... invoked by an orc priest
              (11 damage)
             ... on level 5 of the Dungeon.
             The game lasted 00:02:46 (384 turns).

Implojin the Chopper (Minotaur Fighter)              Turns: 384, Time: 00:02:46

Health: 0/51       AC:  7    Str: 25    XL:     6   Next: 7%
Magic:  5/5        EV:  7    Int:  5    God:
Gold:   28         SH: 10    Dex: 12    Spells: 0 memorised, 5 levels left

rFire  . . .     SeeInvis .     a - +0 war axe
rCold  + . .     Gourm    .     i - +1 scale mail {rC+}
rNeg   . . .     Faith    .     c - +0 shield
rPois  .         Spirit   .     (helmet restricted)
rElec  .         Dismiss  .     (no cloak)
rCorr  .         Reflect  .     (no gloves)
SustAt .         Harm     .     (no boots)
MR     .....                    (no amulet)
Stlth  ..........               (no ring)
                                (no ring)

@: mighty, lethally poisoned (0 -> -3), not resistant to hostile enchantments,
extremely unstealthy
A: retaliatory headbutt, horns 2
a: no special abilities


You were on level 5 of the Dungeon.
You were not hungry.

You visited 1 branch of the dungeon, and saw 5 of its levels.

You collected 28 gold pieces.

Inventory:

Hand Weapons
 a - a +0 war axe (weapon)
Armour
 b - a +0 scale mail
 c - a +0 shield (worn)
 i - a +1 scale mail of cold resistance (worn)
Scrolls
 j - a scroll of noise {unknown}
 l - 2 scrolls of remove curse
 p - a scroll of amnesia {unknown}
Potions
 d - a potion of flight
 g - a potion of heal wounds
 h - a potion of curing {unknown}
 m - a potion of invisibility {unknown}
 o - a potion of brilliance {unknown}
Comestibles
 f - a bread ration
 k - a royal jelly


   Skills:
 - Level 3.6 Fighting
 * Level 7.7 Axes
 - Level 3.6 Armour
 - Level 3.6 Shields


You had 5 spell levels left.
You didn't know any spells.

Dungeon Overview and Level Annotations

Branches:
Dungeon (5/15)
 Temple: D:4-7

Altars:


Innate Abilities, Weirdness & Mutations

You reflexively headbutt those who attack you in melee.
You have a pair of horns on your head.


Message History

You kill the wyvern!
Your Axes skill increases to level 7!
You have reached level 5!
There is an open door here.
There is a stone staircase leading down here.
You climb downwards.
You hear the hiss of flowing sand.
There is an entrance to an ossuary on this level.
Hurry and find it before the portal is buried!
The worker ant bites you.
* * * LOW HITPOINT WARNING * * *
You are poisoned.
The worker ant poisons you!
There is a stone staircase leading up here.
Unknown command.
You closely miss the worker ant.
You feel sick. You block the worker ant's attack.
The worker ant bites you but does no damage.
You closely miss the worker ant. Your headbutt misses the worker ant.
You feel sick.
The worker ant bites you but does no damage.
You hit the worker ant. You headbutt the worker ant.
The worker ant is heavily wounded.
You feel sick. You block the worker ant's attack.
The worker ant bites you but does no damage.
You closely miss the worker ant.
The worker ant is heavily wounded.
You feel sick. You block the worker ant's attack.
You slash the worker ant!
You kill the worker ant!
You have reached level 6!
Your experience leads to an increase in your attributes!
Your base attributes are Str 20, Int 5, Dex 11.
Increase (S)trength, (I)ntelligence, or (D)exterity?
You feel agile. 2 orc priests come into view.
You feel sick.
The orc priest shouts! x2
The orc priest calls down the wrath of Beogh upon you.
Beogh smites you!
You die...

#.. #####..
.......
.......
.......
.......
.......####
#.....@<†#
........###
.#####..#
#... #.#o
#. o. #. o.
#. #..


You could see 2 orc priests and an orc (wandering).

Vanquished Creatures
  A wyvern (D:4)
  An iguana (D:4)
  Terence (D:2)
  2 worker ants
  2 adders
  A worm (D:2)
  A giant gecko (D:2)
  An orc (D:3)
  A bat (D:2)
  A giant cockroach (D:2)
  6 hobgoblins
  3 jackals (D:4)
  3 kobolds (D:2)
  2 goblins (D:3)
  A rat (D:3)
27 creatures vanquished.

Notes
Turn   | Place    | Note
-------+----------+-------------------------------------------
     0 | D:1      | Implojin the Minotaur Fighter began the quest for the Orb.
     0 | D:1      | Reached XP level 1. HP: 19/19 MP: 0/0
    30 | D:2      | Reached skill level 3 in Axes
    33 | D:2      | Reached XP level 2. HP: 12/26 MP: 1/1
    98 | D:2      | Reached skill level 4 in Axes
   163 | D:2      | Noticed Terence
   173 | D:2      | Killed Terence
   173 | D:2      | Reached XP level 3. HP: 21/31 MP: 2/2
   208 | D:3      | Reached skill level 5 in Axes
   246 | D:3      | Reached XP level 4. HP: 22/39 MP: 3/3
   330 | D:4      | Reached skill level 6 in Axes
   349 | D:5      | Entered Level 5 of the Dungeon
   366 | D:4      | Noticed a wyvern
   373 | D:4      | Killed a wyvern
   373 | D:4      | Reached skill level 7 in Axes
   373 | D:4      | Reached XP level 5. HP: 16/45 MP: 4/4
   383 | D:5      | Reached XP level 6. HP: 12/51 MP: 5/5
   384 | D:5      | Killed from afar by an orc priest

Vault maps used:
D:1:      ncdulo_wetmaze, hangedman_decor_push
D:2:      first_bread, minmay_unequal, uniq_terence, uniq_sigmund
D:3:      grunt_temple_overflow_octagram
D:4:      portal_sewer_entry_f, hangedman_decor_peaks_small
D:5:      vehumet_statue, chequers_ossuary_entry_cave

Skill      XL: |  1  2  3  4 |
---------------+-------------+-----
Axes           | 3 4 5 7 |  7.7
Fighting       | |  3.6
Armour         | |  3.6
Shields        | |  3.6

Action                   |  1- 3 |  4- 6 || total
-------------------------+-------+-------++-------
Melee: War axe           |    48 |    27 ||    75
       Headbutt          |     9 |     6 ||    15
  Use: Potion            |     1 |     2 ||     3
       Scroll            |       |     3 ||     3
Armor: Scale mail        |    15 |    15 ||    30
Dodge: Dodged            |    13 |     8 ||    21
Block: Shield            |    24 |    18 ||    42

Table legend:
 A = Turns spent in this place as a percentage of turns spent in the entire game.
 B = Non-inter-level travel turns spent in this place as a percentage of non-inter-level travel turns spent in the entire game.
 C = Inter-level travel turns spent in this place as a percentage of turns spent in this place.
 D = Turns resting spent in this place as a percentage of non-inter-level travel turns spent in this place.
 E = Turns spent auto-exploring this place as a percentage of non-inter-level travel turns spent in this place.
 F = Non-inter-level travel turns spent in this place divided by the number of levels of this place that you've seen.
                   A       B       C       D       E      F
               +-------+-------+-------+-------+-------+----------------------
         Total | 100.0 | 100.0 |   0.0 |   0.0 |   0.0 |  77.4
       Dungeon | 100.0 | 100.0 |   0.0 |   0.0 |   0.0 |  77.4
               +-------+-------+-------+-------+-------+----------------------

Table legend:
 A = Kills in this place as a percentage of kills in entire the game.
 B = Kills by you in this place as a percentage of kills by you in the entire game.
 C = Kills by friends in this place as a percentage of kills by friends in the entire game.
 D = Other kills in this place as a percentage of other kills in the entire game.
 E = Experience gained in this place as a percentage of experience gained in the entire game.
 F = Experience gained in this place divided by the number of levels of this place that you have seen.
                   A       B       C       D       E      F
               +-------+-------+-------+-------+-------+----------------------
         Total | 100.0 | 100.0 |  -nan |  -nan | 100.0 |  81.4
       Dungeon | 100.0 | 100.0 |  -nan |  -nan | 100.0 |  81.4
               +-------+-------+-------+-------+-------+----------------------
